 Dungeon Crawl Stone Soup version 0.17.0-15-g6d90897 (console) character file.

15 gw the Shooter (level 2, -1/24 HPs)
             Began as a Centaur Hunter on Nov 11, 2015.
             Slain by a giant gecko (2 damage)
             ... on level 1 of the Dungeon.
             The game lasted 00:01:11 (687 turns).

gw the Shooter (Centaur Hunter)                      Turns: 687, Time: 00:01:11

Health: -1/24      AC:  4    Str: 14    XL:     2   Next: 34%
Magic:  2/2        EV:  9    Int: 10    God:
Gold:   17         SH:  0    Dex:  9    Spells: 0 memorised, 1 level left

rFire  . . .     SeeInvis .     c - +0 short sword
rCold  . . .     Clarity  .     d - +0 leather armour
rNeg   . . .     SustAt   .     (no shield)
rPois  .         Gourm    .     (no helmet)
rElec  .         Spirit   .     (no cloak)
rCorr  .         Warding  .     (no gloves)
rMut   .         Stasis   .     (no barding)
MR     .....                    (no amulet)
Stlth  +.........               (no ring)
                                (no ring)

@: very quick, not resistant to hostile enchantments, very unstealthy
A: hooves 3, deformed body, speed 2, tough skin 3
a: no special abilities


You were on level 1 of the Dungeon.
You were not hungry.

You visited 1 branch of the dungeon, and saw 1 of its levels.

You collected 17 gold pieces.

Inventory:

Hand Weapons
 a - a +1 shortbow
 c - a +0 short sword (weapon)
Missiles
 b - 11 arrows
Armour
 d - a +0 leather armour (worn)
Comestibles
 e - a bread ration


   Skills:
 + Level 2.2 Fighting
 * Level 5.8 Bows
 + Level 0.3 Armour
 - Level 1.3 Dodging
 - Level 0.5 Stealth


You had one spell level left.
You didn't know any spells.

Dungeon Overview and Level Annotations

Branches:
Dungeon (1/15)

Altars:


Innate Abilities, Weirdness & Mutations

You have hooves in place of feet.
Armour fits poorly on your strangely shaped body.
You cover ground very quickly.
You have extremely tough skin (AC +3).


Message History

The giant gecko bites you.
Unknown command.
Unknown command.
Unknown command.
Unknown command.
FLEEEEING!
ATTACKING (1,0)
You miss the giant gecko.
The giant gecko is heavily wounded.
The giant gecko barely misses you.
Unknown command.
Unknown command.
Unknown command.
Unknown command.
FLEEEEING!
ATTACKING (1,0)
You closely miss the giant gecko.
The giant gecko is heavily wounded.
The giant gecko bites you.
You die...

#...#..............
#... ......#.###g.#
#.>. #..# #....#.#
#... #..###..###.#
#...###........##.#
#.....#..#.....##.?
#+#.....#.....##..
#.#(##..#.....##.#
#cl.....#.....##.#
###..............#
#####.......#..#
#.###.#.#..#
#####.###...#..#
#.............##
####.....#.......#
#.....##.#...(...#
#.....##.#....####


You could see a giant gecko.

Table legend:
 A = Turns spent in this place as a percentage of turns spent in the entire game.
 B = Non-inter-level travel turns spent in this place as a percentage of non-inter-level travel turns spent in the entire game.
 C = Inter-level travel turns spent in this place as a percentage of turns spent in this place.
 D = Turns resting spent in this place as a percentage of non-inter-level travel turns spent in this place.
 E = Turns spent auto-exploring this place as a percentage of non-inter-level travel turns spent in this place.
 F = Non-inter-level travel turns spent in this place divided by the number of levels of this place that you've seen.
                   A       B       C       D       E      F
               +-------+-------+-------+-------+-------+----------------------
         Total | 100.0 | 100.0 |   0.0 |   0.2 |   1.4 | 1607.0
       Dungeon | 100.0 | 100.0 |   0.0 |   0.2 |   1.4 | 1607.0
               +-------+-------+-------+-------+-------+----------------------

Table legend:
 A = Kills in this place as a percentage of kills in entire the game.
 B = Kills by you in this place as a percentage of kills by you in the entire game.
 C = Kills by friends in this place as a percentage of kills by friends in the entire game.
 D = Other kills in this place as a percentage of other kills in the entire game.
 E = Experience gained in this place as a percentage of experience gained in the entire game.
 F = Experience gained in this place divided by the number of levels of this place that you have seen.
                   A       B       C       D       E      F
               +-------+-------+-------+-------+-------+----------------------
         Total | 100.0 | 100.0 |  -nan |  -nan | 100.0 |  22.0
       Dungeon | 100.0 | 100.0 |  -nan |  -nan | 100.0 |  22.0
               +-------+-------+-------+-------+-------+----------------------

Vanquished Creatures
  5 hobgoblins (D:1)
  2 jackals (D:1)
  2 bats (D:1)
  A giant newt (D:1)
  A goblin (D:1)
  A kobold (D:1)
  2 rats (D:1)
14 creatures vanquished.

Notes
Turn   | Place    | Note
--------------------------------------------------------------
     0 | D:1      | gw the Centaur Hunter began the quest for the Orb.
     0 | D:1      | Reached XP level 1. HP: 17/17 MP: 1/1
   333 | D:1      | Reached XP level 2. HP: 24/24 MP: 2/2
   685 | D:1      | HP: 1/24 [giant gecko (2)]
   687 | D:1      | Slain by a giant gecko

Action                   || total
-------------------------++-------
Melee: Short sword       ||    47
 Fire: Shortbow          ||    32

Vault maps used:
D:1:      matt_arrival_debris, minivault_5
